Map: Honorgrounds LE

Players

TimeTwist

  • Race: Zerg Zerg
  • Spawn Location: 5:00

Scaramanga

  • Race: Terran Terran
  • Spawn Location: 7:00

FrogMint

  • Race: Zerg Zerg
  • Spawn Location: 11:00

Loken

  • Race: Protoss Protoss
  • Spawn Location: 1:00

VOD

Have the link to the VOD?

Description

Time

  • Played on: March 8, 2017, 5:07 p.m.
  • Length: 11:54
Show
View Real Time Build Order
Export as new Build Order

TimeTwist Zerg 

Build Orders: Pool First 

Get SALT Encoding   

  12  0:01  Drone  
  13  0:13  Overlord  
  13  0:23  Drone  
  13  0:27  Drone, Extractor  
  14  0:34  Drone  
  15  0:37  Drone  
  16  0:51  Spawning Pool  
  16  0:52  Drone  
  16  0:57  Drone  
  17  1:07  Drone  
  19  1:18  Drone  
  19  1:32  Overlord  
  19  1:37  Metabolic Boost  
  19  1:38  Queen  
  21  1:55  Hatchery  
  20  2:09  Zergling x6  
  23  2:16  Queen  
  23  2:22  Zergling x2  
  26  2:33  Drone  
  27  2:43  Drone  
  28  2:49  Drone x2  
  28  2:50  Overlord  
  30  2:58  Lair  
  29  3:09  Zergling x6  
  29  3:12  Queen  
  34  3:22  Zergling x4  
  34  3:25  Zergling x6  
  39  3:39  Zergling x4  
  40  3:52  Drone x2  
  40  3:54  Drone  
  43  3:57  Overlord x2  
  42  4:13  Zergling x2  
  42  4:14  Zergling x2  
  44  4:29  Drone  
  44  4:30  Drone x5  
  50  4:32  Spore Crawler  
  49  4:44  Zergling x4  
  51  4:53  Drone  
  51  5:06  Zergling x6  
  51  5:07  Zergling x8  
  50  5:20  Drone x2  
  50  5:23  Extractor  
  50  5:25  Extractor  
  50  5:28  Drone x2  
  50  5:30  Extractor  
  49  5:42  Drone x3  
  52  5:45  Hatchery, Spore Crawler  
  50  5:52  Overlord x2  
  50  5:59  Drone x4  
  53  6:04  Spire  
  53  6:10  Zergling x4  
  53  6:11  Zergling x4  
  48  6:32  Drone x3  
  50  6:34  Drone x2  
  52  6:58  Drone  
  39  7:21  Mutalisk  
  39  7:22  Mutalisk x6  
  47  7:23  Mutalisk x3  
  59  7:30  Spine Crawler x2  
  59  7:33  Spine Crawler  
  59  7:35  Overseer, Spore Crawler  
  59  7:36  Overseer  
  55  7:40  Hatchery, Zergling x4  
  55  7:41  Zergling x2  
  57  8:07  Drone  
  57  8:08  Drone  
  58  8:29  Hatchery  
  57  8:41  Spawning Pool  
  57  8:47  Hatchery  
  55  9:18  Overlord  
  55  9:19  Overlord  
  55  9:20  Overlord x2  
  55  9:52  Drone x3  
  58  10:00  Spawning Pool  
  55  10:16  Zergling x12  
  57  10:31  Spine Crawler x2  
  57  10:32  Spine Crawler  
  57  10:35  Spine Crawler x2  
  52  10:36  Drone x2  
  52  10:38  Spine Crawler x2  
  52  10:42  Drone x3  
  54  10:44  Zergling x6  
  57  10:58  Drone  
  57  11:00  Drone x3  
  61  11:24  Drone x4  
  65  11:26  Drone x2  
  65  11:27  Drone  
  68  11:37  Drone x3  
  73  11:42  Spore Crawler  
Show
View Real Time Build Order
Export as new Build Order

Scaramanga Terran 

Build Orders: MMM Bio 

Get SALT Encoding   

  12  0:01  SCV  
  13  0:13  SCV  
  14  0:18  Supply Depot  
  14  0:25  SCV  
  15  0:40  SCV  
  15  0:42  Barracks  
  16  0:47  Refinery  
  16  0:52  SCV  
  17  1:04  SCV  
  18  1:16  SCV  
  19  1:28  SCV, Marine  
  21  1:34  Supply Depot  
  21  1:40  SCV  
  21  1:46  Marine  
  23  1:58  Barracks  
  23  2:02  Orbital Command  
  23  2:15  Barracks Tech Lab  
  23  2:21  Command Center  
  22  2:37  SCV  
  23  2:48  Bunker  
  23  2:51  Factory  
  23  2:54  Combat Shields  
  23  2:55  Marine x2  
  23  2:58  SCV  
  26  3:11  SCV  
  27  3:15  Refinery  
  27  3:23  SCV  
  28  3:32  Marauder, Marine  
  31  3:35  Starport, SCV  
  31  3:40  Supply Depot  
  32  3:44  Orbital Command  
  32  3:48  SCV  
  33  3:49  Marine  
  33  3:51  Factory Reactor  
  34  4:00  SCV  
  35  4:13  SCV x2  
  37  4:17  Refinery  
  37  4:25  SCV x2  
  37  4:27  Engineering Bay  
  39  4:37  SCV x2  
  41  4:39  Medivac x2  
  41  4:40  Marine x2  
  41  4:45  Factory Tech Lab  
  47  4:50  SCV x2  
  49  4:58  Marine x2  
  49  4:59  Missile Turret x2  
  51  5:02  SCV x2  
  53  5:07  Missile Turret  
  53  5:08  Terran Infantry Weapons Level 1  
  53  5:14  SCV  
  54  5:29  Refinery  
  54  5:38  Supply Depot  
  54  5:42  Supply Depot  
  54  5:59  Marine x2, Medivac x2  
  54  6:00  SCV x2  
  54  6:02  Supply Depot  
  62  6:12  SCV x2  
  62  6:15  Siege Tank  
  62  6:17  Marine x2  
  69  6:20  Supply Depot  
  69  6:24  SCV  
  70  6:29  SCV  
  71  6:33  Command Center  
  71  6:35  Stimpack, Marine x2  
  71  6:36  SCV  
  74  6:41  SCV  
  74  6:44  Supply Depot  
  78  6:47  Siege Tank  
  78  6:53  Marine x2  
  80  6:55  Barracks  
  80  6:56  Barracks  
  80  7:02  SCV x2, Terran Infantry Armor Level 1  
  80  7:06  Supply Depot  
  82  7:10  Marine  
  82  7:11  Marauder  
  82  7:14  SCV  
  86  7:28  Marine  
  86  7:29  Supply Depot  
  87  7:32  Marine  
  76  7:46  Marine  
  76  7:50  Marine  
  76  7:55  Barracks Reactor x2  
  75  8:00  Supply Depot  
  75  8:04  Marine  
  76  8:07  Marine  
  77  8:22  Marine, Supply Depot  
  77  8:26  Marauder  
  79  8:35  Concussive Shells  
  79  8:40  Marine  
  80  8:47  Marine  
  69  8:57  Marine  
  69  8:59  Orbital Command  
  70  9:04  Marine  
  70  9:07  SCV  
  70  9:08  Marine x3  
  70  9:09  Marine  
  76  9:11  SCV  
  76  9:15  Marine, Siege Tank  
  81  9:18  Medivac x2  
  81  9:20  SCV  
  81  9:22  Marine  
  87  9:24  Refinery  
  87  9:25  Refinery  
  87  9:26  Marine x3  
  90  9:32  Marine  
  90  9:33  Marine  
  90  9:35  Barracks  
  92  9:38  Barracks  
  92  9:40  Marine  
  92  9:44  Marine x3  
  96  9:47  Siege Tank  
  96  9:48  Medivac x2  
  96  9:50  Marine  
  96  9:51  Marine  
  96  9:52  Armory  
  105  9:53  Armory  
  105  9:55  SCV x3  
  105  9:58  Marine  
  109  10:01  Marine  
  109  10:02  Marine  
  109  10:06  Marine  
  109  10:07  SCV x2  
  113  10:08  Marine  
  113  10:09  Marine  
  116  10:16  Marauder  
  116  10:18  Medivac x2  
  116  10:19  Marine x2, Siege Tank  
  127  10:24  Marine  
  127  10:26  Marine x2  
  130  10:38  Marauder  
  127  10:48  Medivac x2  
  123  10:52  Siege Tank  
  124  11:00  Marine  
  124  11:01  Marauder, Marine x4  
  131  11:08  Supply Depot  
  131  11:11  Supply Depot  
  131  11:13  Supply Depot  
  131  11:18  Marine x2  
  131  11:19  Marine x2  
  131  11:22  Marine  
  140  11:25  Command Center  
  140  11:27  Barracks Reactor x2  
  140  11:31  Supply Depot, Barracks Tech Lab  
  139  11:35  Supply Depot  
  139  11:36  Supply Depot  
Show
View Real Time Build Order
Export as new Build Order

FrogMint Zerg 

Build Orders: Pool First 

Get SALT Encoding   

  12  0:11  Overlord  
  12  0:13  Drone  
  13  0:18  Drone  
  14  0:31  Drone  
  15  0:40  Spawning Pool  
  14  0:46  Drone  
  15  1:10  Hatchery  
  14  1:16  Drone  
  15  1:25  Overlord  
  15  1:28  Queen  
  17  1:33  Drone  
  17  1:36  Extractor  
  17  1:38  Drone  
  18  1:45  Drone  
  19  1:51  Drone  
  21  2:01  Drone  
  21  2:06  Queen  
  23  2:10  Drone  
  24  2:31  Hatchery  
  24  2:33  Drone  
  24  2:34  Drone  
  25  2:38  Drone  
  26  2:51  Drone  
  26  2:52  Drone x2  
  26  2:54  Metabolic Boost  
  29  3:03  Drone  
  29  3:05  Drone x3  
  33  3:15  Zergling x2  
  34  3:23  Roach Warren  
  34  3:24  Drone  
  34  3:28  Extractor  
  34  3:33  Drone x2  
  33  3:44  Zergling x4  
  35  3:52  Spine Crawler  
  34  3:57  Spine Crawler  
  34  4:00  Zergling x6  
  34  4:01  Zergling x2  
  27  4:16  Zergling x8  
  24  4:17  Zergling x6  
  22  4:32  Drone x2  
  22  4:33  Drone x4  
  28  4:41  Drone  
  29  4:56  Drone x3  
  29  5:07  Zergling x2  
  29  5:08  Zergling x6  
  29  5:25  Drone x2  
  29  5:26  Drone  
  29  5:27  Queen  
  34  5:39  Drone x2  
  34  5:40  Drone x2  
  38  5:45  Drone x3  
  22  6:35  Drone x5  
  22  6:36  Drone  
  28  7:35  Zergling x2  
  15  8:03  Drone x5  
  16  8:06  Queen  
  16  8:10  Zergling x2  
  11  8:22  Zergling x2  
  7  8:42  Queen  
  9  9:01  Roach x2  
  13  9:03  Drone  
  14  9:17  Queen  
  14  9:24  Drone x3  
  19  9:36  Overlord  
  19  9:51  Spore Crawler  
  18  9:59  Drone  
    11:13  Drone x3  
Show
View Real Time Build Order
Export as new Build Order

Loken Protoss 

Build Orders:  

Get SALT Encoding   

  12  0:01  Probe (Chrono Boost)  
  13  0:12  Probe (Chrono Boost)  
  14  0:22  Probe (Chrono Boost)  
  14  0:24  Pylon  
  16  0:43  Probe (Chrono Boost)  
  16  0:45  Gateway  
  16  0:53  Probe (Chrono Boost)  
  17  1:03  Gateway  
  17  1:04  Probe (Chrono Boost)  
  18  1:07  Assimilator  
  18  1:09  Assimilator  
  18  1:14  Probe (Chrono Boost)  
  19  1:23  Pylon  
  19  1:25  Probe (Chrono Boost)  
  20  1:40  Cybernetics Core  
  20  1:42  Probe (Chrono Boost)  
  21  1:52  Zealot x2  
  21  1:53  Probe (Chrono Boost)  
  26  2:03  Probe (Chrono Boost)  
  26  2:08  Warp Gate  
  27  2:21  Stalker x2  
  31  2:37  Pylon  
  31  2:46  Twilight Council  
  31  2:55  Stalker  
  31  2:56  Probe (Chrono Boost)  
  31  2:57  Stalker  
  36  3:09  Probe (Chrono Boost)  
  37  3:22  Nexus  
  37  3:30  Charge  
  37  3:47  Probe (Chrono Boost)  
  38  3:53  Gateway  
  38  3:59  Probe (Chrono Boost)  
  39  4:05  Pylon  
  39  4:18  Gateway  
  39  4:20  Gateway  
  40  4:25  Probe (Chrono Boost)  
  40  4:35  Zealot  
  40  4:37  Probe (Chrono Boost)  
  40  4:38  Sentry  
  44  4:48  Probe (Chrono Boost)  
  44  4:49  Probe (Chrono Boost)  
  46  4:59  Probe (Chrono Boost)  
  48  5:01  Probe (Chrono Boost)  
  48  5:05  Dark Shrine  
  48  5:09  Probe (Chrono Boost)  
  48  5:13  Probe (Chrono Boost)  
  50  5:20  Probe (Chrono Boost)  
  51  5:22  Assimilator  
  51  5:25  Assimilator, Probe (Chrono Boost)  
  52  5:31  Probe (Chrono Boost)  
  53  5:38  Probe (Chrono Boost)  
  53  5:41  Zealot, Probe (Chrono Boost)  
  53  5:42  Zealot x2  
  62  5:50  Pylon, Probe (Chrono Boost)  
  62  5:53  Pylon  
  62  5:57  Pylon  
  62  6:09  Probe (Chrono Boost)  
  62  6:10  Probe (Chrono Boost)  
  64  6:17  Dark Templar  
  64  6:18  Dark Templar x4  
  72  6:19  Probe (Chrono Boost)  
  72  6:22  Probe (Chrono Boost)  
  76  7:21  Stalker  
  76  7:22  Stalker x4  
  84  8:01  Stalker  
  86  8:08  Pylon  
  86  8:09  Pylon  
  86  8:12  Pylon  
  86  8:18  Forge  
  86  8:19  Gateway x2  
  86  8:22  Gateway  
  86  8:25  Gateway  
  86  8:28  Pylon  
  86  8:30  Pylon  
  86  8:31  Probe (Chrono Boost)  
  86  8:32  Pylon  
  87  8:34  Pylon  
  87  8:37  Forge  
  87  8:41  Probe (Chrono Boost)  
  87  8:46  Blink  
  88  8:52  Probe (Chrono Boost)  
  75  9:02  Probe (Chrono Boost)  
  60  9:20  Protoss Ground Weapons Level 1  
  60  9:22  Protoss Ground Armor Level 1  
  60  9:23  Probe (Chrono Boost)  
  61  9:26  Probe (Chrono Boost)  
  61  9:27  Stalker x5  
  65  9:34  Probe (Chrono Boost)  
  66  9:38  Probe (Chrono Boost)  
  66  9:39  Photon Cannon x2  
  66  9:41  Photon Cannon  
  66  9:43  Photon Cannon  
  66  9:44  Photon Cannon, Probe (Chrono Boost)  
  67  9:51  Probe (Chrono Boost)  
  67  9:52  Photon Cannon  
  68  9:53  Photon Cannon  
  68  9:55  Probe (Chrono Boost)  
  69  10:03  Probe (Chrono Boost)  
  69  10:05  Probe (Chrono Boost)  
  71  10:15  Nexus  
  71  10:16  Probe (Chrono Boost)  
  72  10:26  Probe (Chrono Boost)  
  49  10:56  Dark Templar x4  
  49  10:57  Dark Templar x2  
Tags
 
Add a new tag
Caveats
  • Supply blocks, unpowered buildings, or Contaminate may cause inaccurate times.
  • Supply counts are checked every 10 seconds.